 Dungeon Crawl Stone Soup version 0.32-a0-558-g233958a4c4 (webtiles) character file.

Game seed: 5881560010621949790

28569 seren the Carver (level 13, -2/102 HPs)
             Began as a Coglin Gladiator on Feb 28, 2024.
             Was an Initiate of Gozag.
             Killed from afar by an eye of devastation (31 damage)
             ... with a bolt of devastation
             ... on level 4 of the Lair of Beasts on Feb 29, 2024.
             The game lasted 01:03:13 (21560 turns).

seren the Carver (Coglin Gladiator)                Turns: 21560, Time: 01:03:14

Health: -2/102     AC: 25    Str: 16    XL:     13   Next: 39%
Magic:  13/13      EV: 12    Int: 11    God:    Gozag
Gold:   1926       SH:  0    Dex: 19    Spells: 11/12 levels left

rFire   . . .        D - +2 long sword (holy) {Si-Tayit}
rCold   . . .        I - +2 long sword (protect) {Jingyi}
rNeg    . . .        x - +2 chain mail {rPois}
rPois   +            t - +0 helmet {Int+3}
rElec   .            (no cloak)
rCorr   .            F - +0 pair of gloves
SInv    .            h - +1 pair of boots
Will    .....        (amulet unavailable) Stlth
                     (ring unavailable)
HPRegen 0.37/turn    (ring unavailable)
MPRegen 0.13/turn    (no gizmo)

%: no passive effects
@: weak-willed, under a protective aura, studying 2 skills, revved
A: off-hand wielding, slow wielding, warmup strikes, no jewelry
a: Invent Gizmo, Renounce Religion, Potion Petition, Call Merchant, Bribe Branch


You were on level 4 of the Lair of Beasts.
You worshipped Gozag.
Gozag was most pleased with you.
You visited 3 branches of the dungeon, and saw 17 of its levels.
You also visited: Bailey and Gauntlet.

You collected 3738 gold pieces.
You spent 1721 gold pieces at shops.
You paid 91 gold pieces to Gozag.

Inventory:

Hand Weapons
 i - a +0 rapier {Lwandle}
 p - the +4 trident "Widowermaker" {antimagic, +Blink rPois}
   (You found it on level 1 of the Lair of Beasts)

   rPois:     It protects you from poison +Blink: It lets you blink.
 D - a +2 long sword of holy wrath (weapon) {Si-Tayit}
 H - a +0 rapier {Narong}
 I - a +2 long sword of protection (offhand) {Jingyi}
 K - a +3 trident
Missiles
 d - 8 throwing nets {!f}
 e - 8 boomerangs (quivered)
 n - 10 poisoned darts
 B - 5 javelins
 Q - 5 datura-tipped darts
 R - 4 atropa-tipped darts
 S - a curare-tipped dart
Armour
 h - a +1 pair of boots (worn)
 t - a +0 helmet of intelligence (worn)
 x - a +2 chain mail of poison resistance (worn)
 F - a +0 pair of gloves (worn)
Wands
 a - a wand of charming (12)
 b - a wand of iceblast (20)
 v - a wand of digging (7)
 A - a wand of light (13)
 J - a wand of polymorph (9)
 M - a wand of mindburst (5)
Scrolls
 c - a scroll of revelation
 g - a scroll of torment
 j - 2 scrolls of immolation
 k - 2 scrolls of poison
 l - 3 scrolls of brand weapon
 m - 4 scrolls of teleportation {!r}
 q - a scroll of blinking {unknown}
 r - 3 scrolls of enchant weapon
 w - 3 scrolls of amnesia
 y - a scroll of enchant armour {unknown}
 C - 2 scrolls of vulnerability
 E - a scroll of noise {unknown}
 G - 2 scrolls of fog
 L - 2 scrolls of fear
Potions
 f - 3 potions of brilliance
 o - 2 potions of magic
 s - 8 potions of curing
 u - 4 potions of attraction
 z - 2 potions of mutation {!q}
 N - 6 potions of ambrosia
 O - a potion of cancellation {unknown}
 P - 3 potions of might
 T - a potion of haste
 U - a potion of enlightenment {unknown}


   Skills:
 + Level 9.7 Fighting
 * Level 12.3 Long Blades
 * Level 9.8 Throwing
 + Level 8.4 Armour
 + Level 8.9 Dodging
 + Level 9.7 Evocations


You had 11 spell levels left.
You knew the following spells:

 Your Spells              Type           Power      Damage    Failure   Level
a - Apportation           Tloc           0%         N/A       97%         1

Your spell library contained the following spells:

 Spells                   Type           Power      Damage    Failure   Level
 Freeze                   Ice            0%         1d3       97%         1
 Magic Dart               Conj           0%         1d3       97%         1
 Necrotise                Necr           0%         1d4       97%         1
 Slow                     Hex            0%         N/A       97%         1
 Sting                    Conj/Alch      0%         1d3       97%         1
 Summon Small Mammal      Summ           0%         N/A       97%         1
 Blink                    Tloc           0%         N/A       99%         2
 Call Imp                 Summ           0%         N/A       99%         2
 Mercury Vapours          Alch/Air       0%         N/A       99%         2
 Confusing Touch          Hex            0%         N/A       100%        3
 Frozen Ramparts          Ice            0%         1d1       100%        3
 Hailstorm                Conj/Ice       0%         3d5       100%        3
 Sigil of Binding         Hex            0%         N/A       100%        3
 Stone Arrow              Conj/Erth      0%         3d7       100%        3
 Tukima's Dance           Hex            0%         N/A       100%        3
 Vampiric Draining        Necr           0%         2d6       100%        3
 Animate Armour           Summ/Erth      0%         N/A       100%        4
 Dimensional Bullseye     Hex/Tloc       0%         N/A       100%        4
 Iskenderun's Mystic Bla  Conj/Tloc      0%         2d3       100%        4
 Olgreb's Toxic Radiance  Alch           0%         N/A       100%        4
 Vhi's Electric Charge    Tloc/Air       0%         N/A       100%        4
 Arcjolt                  Conj/Air       0%         1d10      100%        5
 Malign Gateway           Summ/Tloc      0%         N/A       100%        7
 Lehudib's Crystal Spear  Conj/Erth      0%         10d2      100%        8
 Maxwell's Capacitive Co  Air            0%         ∞         100%        8
 Summon Horrible Things   Summ           0%         N/A       100%        8


Dungeon Overview and Level Annotations

Branches:
Dungeon (12/15)            Temple (1/1) D:5            Lair (4/5) D:8
  Swamp (0/4) Lair:3       Spider (0/4) Lair:3          Orc (0/2) D:9
 Bailey (visited)         Gauntlet (visited)
  Slime: Lair:4-5

Altars:
Ashenzari
Cheibriados
Dithmenos
Elyvilon
Fedhas
Gozag
Hepliaklqana
Kikubaaqudgha
Makhleb
Nemelex Xobeh
Okawaru
Qazlal
Ru
Sif Muna
Trog
Uskayaw
Vehumet
Wu Jian
Xom
Yredelemnul
Zin
The Shining One

Shops:
D:3 (**(:   D:9 *   D:11 (

Annotations:
D:7 Jeremiah
D:8 3 runed translucent doors, Alarak's ghost, journeyman DjNe


Innate Abilities, Weirdness & Mutations

You can wield a second weapon in your off-hand.
It takes a long time for you to wield or remove held weapons.
Your first few attacks do less damage.
You cannot equip rings or amulets.


Message History

Aim: an eye of devastation (moderately wounded, 94% to hit)
You throw a boomerang.
The boomerang hits the eye of devastation!
The eye of devastation is moderately wounded.
The eye of devastation gazes at you. The bolt of devastation hits you!!
Your willpower is stripped away!
* * * LOW HITPOINT WARNING * * *
The eye of devastation gazes at you. The bolt of devastation hits you!!
* * * LOW HITPOINT WARNING * * *
You hit the eye of devastation but do no damage.
The eye of devastation is moderately wounded.
You completely miss the eye of devastation with your +2 long sword of protection.
You hit the eye of devastation with your +2 long sword of protection.
Your weapon exudes an aura of protection.
The eye of devastation is moderately wounded.
You hit the eye of devastation with your +2 long sword of holy wrath.
You hit the eye of devastation but do no damage.
The eye of devastation is heavily wounded.
You hit the eye of devastation with your +2 long sword of holy wrath.
You hear the steady crackling of a very distant melting archway.
You completely miss the eye of devastation with your +2 long sword of protection.
The eye of devastation is heavily wounded.
You slash the eye of devastation with your +2 long sword of holy wrath!
You hit the eye of devastation but do no damage.
The eye of devastation is heavily wounded.
You barely miss the eye of devastation with your +2 long sword of protection.
You hit the eye of devastation but do no damage.
The eye of devastation is heavily wounded.
You hit the eye of devastation but do no damage.
You slash the eye of devastation with your +2 long sword of protection!
The eye of devastation is severely wounded.
You hit the eye of devastation but do no damage.
You slash the eye of devastation with your +2 long sword of holy wrath!
The eye of devastation is almost dead.
You hit the eye of devastation with your +2 long sword of protection.
The eye of devastation gazes at you. The bolt of devastation hits you!!
You die...
Your body crumbles into a pile of gold.

...## ##.....# ....## ###
......## .....######.#
##......#### ### #
.......##PP.####......##P.###.###
.................................
#................................
##...............................
#.............G.................
....#...........@................
...#.#..............<............
....###P#PP.#P..........##...P###
##.# ##########.......######## ##
#.....%## #.>.....# ##.....##
##.....## #.......#


You could see an eye of devastation.

Vanquished Creatures
  2 hydras
  3 two-headed ogres
  A tengu warrior (D:8)
  2 ugly things (D:11)
  A cyclops (D:11)
  4 elephants
  A torpor snail (Lair:3)
  7 cane toads
  An unseen horror (D:12)
  A kobold demonologist (D:8)
  A komodo dragon (Lair:4)
  A queen bee (D:9)
  2 polar bears (Lair:2)
  2 hornets
  Prince Ribbit (D:6)
  A glass eye (Lair:4)
  4 jumping spiders (Lair:3)
  A spriggan (shapeshifter) (D:12)
  3 wyverns (D:8)
  2 wraiths
  2 shadows
  5 basilisks
  A vampire (D:10)
  4 steam dragons
  3 humans (D:6)
  28 yaks
  A redback (Lair:3)
  4 vampire mosquitoes (D:10)
  Grum (Bailey)
  Menkaure (D:5)
  8 water moccasins
  2 sky beasts (D:6)
  A black bear (D:8)
  2 orc warriors
  2 ogres
  4 ice beasts
  21 wolves
  3 centaurs
  A phantom (D:3)
  A kobold brigand (D:11)
  8 bullfrogs
  9 gnoll sergeants
  4 scorpions
  13 wights
  29 killer bees
  2 electric eels (Lair:1)
  2 jellies (D:6)
  4 bombardier beetles
  8 gnoll boudas
  10 orc priests
  4 hounds
  5 iguanas
  8 orc wizards
  6 hell rats (Lair:3)
  Robin (D:4)
  25 gnolls
  8 adders
  A shadow imp (D:7)
  3 white imps
  2 ufetubi (D:5)
  3 dart slugs
  6 ribbon worms
  36 orcs
  10 bats
  5 endoplasms
  2 giant cockroaches
  10 hobgoblins
  3 jackals (D:3)
  13 kobolds
  5 quokkas
  4 ball pythons
  2 frilled lizards
  19 goblins
  2 rats
408 creatures vanquished.

Vanquished Creatures (collateral kills)
  A hydra (Lair:3)
1 creature vanquished.

Vanquished Creatures (others)
  An orc wizard (D:8)
  A gnoll (D:8)
  2 orcs (D:8)
  A jackal (D:4)
5 creatures vanquished.

Grand Total: 414 creatures vanquished

Notes
Turn   | Place    | Note
-------+----------+-------------------------------------------
     0 | D:1      | seren the Coglin Gladiator began the quest for the Orb.
     0 | D:1      | Reached XP level 1. HP: 16/16 MP: 1/1
   355 | D:1      | Reached XP level 2. HP: 12/22 MP: 2/2
   839 | D:2      | Reached XP level 3. HP: 26/27 MP: 3/3
  1090 | D:2      | Found a faded altar of an unknown god.
  1184 | D:2      | Reached XP level 4. HP: 19/34 MP: 4/4
  1613 | D:3      | Found Vyhomacu's Assorted Antiques.
  1687 | D:3      | Found Semp's Antique Weapon Boutique.
  1793 | D:3      | Reached skill level 4 in Long Blades
  1845 | D:3      | Reached skill level 1 in Armour
  1858 | D:3      | Found Igrasilo's Antique Weapon Boutique.
  1879 | D:3      | Found Wimeptuy's Book Shop.
  1921 | D:3      | Reached XP level 5. HP: 37/39 MP: 5/5
  2146 | D:3      | Found Recwits's General Store.
  2147 | D:3      | Noticed a phantom
  2157 | D:3      | Killed a phantom
  2158 | D:3      | Reached XP level 6. HP: 37/47 MP: 6/6
  2161 | D:3      | Bought a potion of curing for 33 gold pieces
  2161 | D:3      | Bought a potion of degeneration for 11 gold pieces
  2210 | D:3      | You fall into a shaft and drop 1 floor!
  2280 | D:4      | Noticed Robin
  2309 | D:4      | Killed Robin
  2642 | D:4      | Noticed a steam dragon
  2923 | D:5      | Entered Level 5 of the Dungeon
  3480 | D:5      | Reached skill level 5 in Long Blades
  3480 | D:5      | Reached skill level 1 in Evocations
  3480 | D:5      | Reached XP level 7. HP: 52/52 MP: 7/7
  3606 | D:5      | Noticed Menkaure
  4320 | D:5      | Killed Menkaure
  4321 | D:5      | Reached skill level 6 in Long Blades
  4321 | D:5      | Reached XP level 8. HP: 33/60 MP: 8/8
  4648 | D:5      | Found a staircase to the Ecumenical Temple.
  4674 | Temple   | Entered the Ecumenical Temple
  4697 | Temple   | Became a worshipper of Gozag Ym Sagoz the Greedy
  5006 | D:6      | Noticed Prince Ribbit
  5201 | D:6      | Reached skill level 7 in Long Blades
  5201 | D:6      | Reached XP level 9. HP: 50/67 MP: 9/9
  5268 | D:6      | Reached skill level 5 in Fighting
  5541 | D:3      | Bought an ancient dagger for 203 gold pieces
  5541 | D:3      | Identified the +5 dagger of Hospitality {drain, ^Contam
                  | rPois rCorr Int-2} (You bought it in a shop on level 3 of
                  | the Dungeon)
  5847 | D:6      | Reached skill level 5 in Dodging
  5874 | D:6      | Killed Prince Ribbit
  5875 | D:6      | Reached skill level 5 in Evocations
  5954 | D:6      | Identified the +0 robe of Defence {rC+ rN++ Int-5 Slay+2}
  6087 | D:6      | Reached skill level 8 in Long Blades
  6962 | D:7      | Reached skill level 5 in Armour
  6994 | D:7      | Reached XP level 10. HP: 76/76 MP: 10/10
  7035 | D:7      | Reached skill level 9 in Long Blades
  7315 | D:7      | Noticed Jeremiah
  8016 | D:8      | Found a runed translucent gate.
  8019 | D:8      | Found a runed translucent gate.
  8022 | D:8      | Found a runed translucent gate.
  8025 | D:8      | Noticed Alarak's ghost (journeyman DjNe)
  8229 | D:8      | Noticed a kobold demonologist
  8242 | D:8      | Killed a kobold demonologist
  8306 | D:8      | Noticed a tengu warrior
  8798 | D:8      | Noticed an elephant
  8822 | D:8      | Killed an elephant
  9223 | D:3      | Bought a scroll of identify for 56 gold pieces
  9223 | D:3      | Bought a runed long sword for 182 gold pieces
  9223 | D:3      | Bought a potion of curing for 84 gold pieces
  9223 | D:3      | Bought a scroll labelled KYKUIM HATAMI for 28 gold pieces
  9223 | D:3      | Bought a scroll of identify for 56 gold pieces
  9223 | D:3      | Bought a scroll labelled YBLUYM LOINO for 28 gold pieces
  9434 | D:8      | Killed a tengu warrior
  9550 | D:8      | Reached skill level 10 in Long Blades
  9568 | D:8      | Found a staircase to the Lair.
  9713 | D:9      | Noticed a two-headed ogre
  9754 | D:8      | Paralysed by a hornet for 1 turns
  9757 | D:8      | Reached XP level 11. HP: 69/84 MP: 11/11
  9910 | D:9      | Found Vaqor's Overcharged Wands.
 10003 | D:9      | Found a staircase to the Orcish Mines.
 10007 | D:9      | Found a hide-covered altar of Uskayaw.
 10009 | D:9      | Found a shimmering blue altar of Sif Muna.
 10009 | D:9      | Found an ornate altar of the Wu Jian Council.
 10009 | D:9      | Found a basalt altar of Yredelemnul.
 10095 | Lair:1   | Entered Level 1 of the Lair of Beasts
 10417 | Lair:1   | Identified the +4 trident "Widowermaker" {antimagic, +Blink
                  | rPois}
 11806 | Lair:2   | Upgraded the game from 0.32-a0-519-g08f29ac1c3 to
                  | 0.32-a0-558-g233958a4c4
 12424 | Lair:3   | Noticed a seven-headed hydra
 12992 | Lair:3   | Reached skill level 5 in Throwing
 13041 | Lair:3   | Killed a seven-headed hydra
 13099 | Lair:3   | Reached XP level 12. HP: 94/94 MP: 12/12
 13224 | Lair:3   | Found a staircase to the Swamp.
 13323 | Lair:3   | Reached skill level 11 in Long Blades
 13344 | Lair:3   | Noticed an eight-headed hydra
 13871 | D:3      | Bought a rapier for 116 gold pieces
 13909 | D:3      | Bought a glowing long sword for 188 gold pieces
 14382 | Lair:3   | Killed an eight-headed hydra
 14595 | Lair:3   | HP: 4/92 [cane toad (12)]
 15496 | D:9      | Bought a wand of iceblast (18) for 648 gold pieces
 15521 | D:9      | Found a snail-covered altar of Cheibriados.
 15712 | D:9      | Learned a level 1 spell: Apportation
 15810 | D:9      | Killed a two-headed ogre
 16684 | D:10     | Entered Level 10 of the Dungeon
 16835 | D:10     | Found a flagged portal.
 16855 | Bailey   | Entered a bailey
 17123 | Bailey   | Noticed Grum
 17137 | Bailey   | Killed Grum
 18132 | D:10     | Noticed a two-headed ogre
 18150 | D:10     | Killed a two-headed ogre
 18246 | D:10     | Found a sacrificial altar of Ru.
 18424 | D:11     | Found a gate leading to a gauntlet.
 18433 | Gauntlet | Entered a Gauntlet
 18433 | Gauntlet | Found a transporter.
 18442 | Gauntlet | Found a transporter.
 18458 | Gauntlet | Found a transporter.
 18462 | Gauntlet | Found a transporter.
 18467 | Gauntlet | Noticed an entropy weaver
 18482 | Gauntlet | Found a transporter.
 18484 | Gauntlet | Found the +1 cloak of Starlight {*Dazzle EV+4 Stlth--}
 18495 | Gauntlet | Found a transporter.
 18510 | Gauntlet | Found a transporter.
 18514 | Gauntlet | Found a transporter.
 18515 | Gauntlet | Noticed a death scarab
 18519 | Gauntlet | Found a transporter.
 18519 | Gauntlet | Found a transporter.
 18524 | Gauntlet | Found a transporter.
 18554 | Gauntlet | Noticed a death scarab
 18567 | Gauntlet | Found a transporter.
 18950 | D:11     | Found Boz Heka's Weapon Boutique.
 19367 | D:11     | Reached XP level 13. HP: 38/101 MP: 13/13
 19565 | D:11     | Bought 5 datura-tipped darts for 49 gold pieces
 19565 | D:11     | Bought 4 atropa-tipped darts for 39 gold pieces
 20437 | D:11     | Reached skill level 12 in Long Blades
 20840 | Lair:3   | Found a hole to the Spider Nest.
 21560 | Lair:4   | Killed from afar by an eye of devastation

Illustrated notes

Levels and vault maps discovered:
D:1:      minmay_arrival_checkered_box, layout_basic
D:2:      minmay_inner_zag, layout_basic, shapermc_ecumenical_altar_flowoftime,
          minmay_pentomino_u4
D:3:      layout_rooms, serial_shops, nicolae_shop_tiny_real_fake_doors,
          nicolae_shop_just_a_little_nook, shop_statue,
          nicolae_shop_advertising_works [nicolae_subvault_shop_adworks],
          nicolae_square_shop, kennysheep_cross_room, grunt_decor_arrowhead,
          minivault_26
D:4:      layout_loops_cross, uniq_robin
D:5:      nicolae_cairo_tiling_large_dashed, layout_gridville,
          minmay_temple_entry_antechambers, abandoned_shop, uniq_menkaure
D:6:      layout_loops_ring, cheibrodos_sewer_entry_bend, st_stairs_5,
          minmay_ruffians, uniq_prince_ribbit1
D:7:      layout_basic, uniq_jeremiah
D:8:      layout_basic, david_lair_generic, gammafunk_ghost_spectres,
          minmay_manual_mess
D:9:      layout_loops_ring, lemuel_round_altar, grunt_temple_overflow_open,
          orc_0_dummy, special_room [special_room_bee],
          nicolae_shop_overcharged_wands
D:10:     layout_roguey, nicolae_ru_path_of_blood, enter_bailey_5,
          serial_bayou_pond_c
D:11:     layout_stronghold, gauntlet_entry_generic, kennysheep_windowed_goal
D:12:     layout_gridville, small_statue_intersection, ice2_lemuel
Temple:   nicolae_temple_elliptical
Lair:1:   layout_cave_shapes, infiniplex_staircase_pool, serial_bayou_shore_a,
          uniq_grum
Lair:2:   layout_big_grid
Lair:3:   layout_regular_city, mainiacjoe_swamp_entry_lozenge_pond,
          nicolae_spider_entry_tight_spaces
Lair:4:   layout_hall_layers, minmay_slime_entry_eyes, portal_ice_cave_rime,
          lemuel_fruit_fields

Skill      XL: |  1  2  3  4  5  6  7  8  9 10 11 12 13 |
---------------+----------------------------------------+-----
Throwing       | 2 3 5 8 9 |  9.8
Dodging        | 3 4 5 6 7 8 |  8.9
Long Blades    | 4 5 6 7 8 10 11 12 | 12.3
Armour         | 1 2 3 5 6 7 8 |  8.4
Fighting       | 3 4 6 7 8 9 |  9.7
Evocations     | 1 3 4 5 7 9 |  9.7

Action                     |  1- 3 |  4- 6 |  7- 9 | 10-12 | 13-15 || total
---------------------------+-------+-------+-------+-------+-------++-------
  Melee: Long sword        |    79 |   209 |   267 |  1028 |   308 ||  1891
         Dagger            |       |   150 |    60 |       |       ||   210
         Rapier            |       |       |   170 |    77 |       ||   247
         Scimitar          |       |       |    36 |   366 |       ||   402
         Short sword       |       |       |       |    48 |       ||    48
  Throw: Throwing net      |       |       |     3 |       |       ||     3
         Javelin           |       |       |       |     6 |       ||     6
         Boomerang         |       |       |       |     2 |    10 ||    12
  Evoke: Wand              |       |       |       |    15 |     3 ||    18
    Use: Scroll            |       |     2 |     7 |    12 |     3 ||    24
         Potion            |       |       |     3 |     9 |       ||    12
   Stab: Distracted        |       |       |     2 |     4 |       ||     6
         Invisible         |       |       |       |     6 |       ||     6
 Armour: Leather armour    |    15 |    93 |    53 |       |       ||   161
         Ring mail         |    53 |    33 |       |       |       ||    86
         Chain mail        |       |       |   190 |   699 |   107 ||   996
         Skin              |       |       |       |    36 |       ||    36
  Dodge: Dodged            |    51 |   155 |   114 |   451 |    58 ||   829
         Repelled          |     2 |     3 |     4 |     4 |       ||    13

Table legend: (Time is in decaauts)
 A = Elapsed time spent in this place.
 B = Non-inter-level travel time spent in this place.
 C = Inter-level travel time spent in this place.
 D = Time resting spent in this place.
 E = Time spent auto-exploring this place.
 F = Levels seen in this place.
 G = Mean time per level.
                   A        B        C        D        E       F      G
               +--------+--------+--------+--------+--------+-----+--------+
         Total |  21545 |  19027 |   2518 |   4415 |   8399 |  19 | 1133.9 |
       Dungeon |  15095 |  12946 |   2149 |   2519 |   6291 |  12 | 1257.9 |
        Temple |     46 |      2 |     44 |      0 |      0 |   1 |   46.0 |
          Lair |   5263 |   4938 |    325 |   1557 |   1868 |   4 | 1315.8 |
        Bailey |    915 |    915 |      0 |    339 |    161 |   1 |  915.0 |
      Gauntlet |    224 |    224 |      0 |      0 |     78 |   1 |  224.0 |
               +--------+--------+--------+--------+--------+-----+--------+

Top non-repeatable levels by time:
  Lair:2: 2535 daAuts
     D:8: 2080 daAuts
     D:6: 1846 daAuts
     D:7: 1633 daAuts
     D:5: 1521 daAuts
     D:9: 1390 daAuts
  Lair:3: 1344 daAuts
    D:11: 1271 daAuts
     D:3: 1231 daAuts
     D:4: 1183 daAuts
  Lair:1: 1026 daAuts
  Bailey: 915 daAuts
     D:1: 880 daAuts
    D:10: 773 daAuts
     D:2: 737 daAuts
